 Dungeon Crawl Stone Soup version 0.23-a0-183-gf37f6fb (webtiles) character file.

159 iamserjio the Skirmisher (level 5, -4/76 HPs)
             Began as a Draconian Wanderer on Sept 21, 2018.
             Killed by divine providence
             ... invoked by an orc priest
              (13 damage)
             ... on level 3 of the Dungeon.
             The game lasted 00:03:26 (1996 turns).

iamserjio the Skirmisher (Draconian Wanderer)       Turns: 1996, Time: 00:03:26

Health: -4/76      AC:  5    Str: 18 (21) XL:     5   Next: 17%
Magic:  5/5        EV: 11    Int: 10 (12) God:
Gold:   82         SH:  0    Dex:  8 (10) Spells: 4/4 levels left

rFire    . . .     SeeInvis .   a - +2 mace
rCold    . . .     Gourm    .   (no shield)
rNeg     . . .     Faith    .   (armour unavailable)
rPois    .         Spirit   .   (helmet restricted)
rElec    .         Reflect  .   (no cloak)
rCorr    .         Harm     .   (no gloves)
MR       .....                  (no boots)
Stlth    ..........             (no amulet)
HPRegen  0.22/turn              (no ring)
MPRegen  0.09/turn              (no ring)

@: berserking, very quick
A: unfitting armour, cold-blooded, AC +5
a: no special abilities


You were on level 3 of the Dungeon.
You were not hungry.

You visited 1 branch of the dungeon, and saw 3 of its levels.

You collected 82 gold pieces.

Inventory:

Hand Weapons
 a - a +2 mace (weapon)
 b - a +0 hand axe
 m - a +0 hunting sling
Missiles
 l - 86 stones (quivered)
 r - 7 tomahawks
 u - 15 sling bullets
Armour
 w - a +0 pair of gloves
Jewellery
 i - an uncursed ring of see invisible {unknown}
Wands
 c - a wand of random effects (15)
Scrolls
 j - a scroll of enchant weapon {unknown}
 k - 4 scrolls of identify {unknown}
 o - 2 scrolls of teleportation {unknown}
 p - a scroll of remove curse {unknown}
 q - 2 scrolls of magic mapping {unknown}
 t - 2 scrolls of random uselessness {unknown}
 v - a scroll of noise {unknown}
Potions
 f - a potion of flight {unknown}
 g - a potion of degeneration
 h - a potion of heal wounds {unknown}
 s - a potion of curing {unknown}
 x - a potion of mutation {unknown}
Comestibles
 d - 4 rations
 n - 8 chunks of flesh


   Skills:
 - Level 6.5 Fighting
 - Level 1.0(1.2) Axes
 - Level 1.0(1.2) Maces & Flails
   Level 1.0 Shields
 * Level 4.9 Unarmed Combat
 - Level 1.0 Evocations


You had 4 spell levels left.
You didn't know any spells.
Your spell library was empty.

Dungeon Overview and Level Annotations

Branches:
Dungeon (3/15)

Altars:
Trog


Innate Abilities, Weirdness & Mutations

Your plain brown scales are hard. (AC +5)
You cannot fit into any form of body armour.
You are cold-blooded and may be slowed by cold attacks.


Message History

a whip; a kobold corpse You hit the orc priest.
The orc priest hits you with a trident.
* * * LOW HITPOINT WARNING * * *
It was a potion of degeneration.
There was something very wrong with that liquid.
You feel weakened.
You feel dopey.
You feel clumsy. The orc priest hits you with a trident.
* * * LOW HITPOINT WARNING * * *
It was a potion of berserk rage.
A red film seems to cover your vision as you go berserk!
You feel yourself moving faster!
You feel mighty! The orc priest hits you with a trident.
* * * LOW HITPOINT WARNING * * *
You barely miss the orc priest.
Your tail-slap misses the orc priest.
The orc priest hits you with a trident.
* * * LOW HITPOINT WARNING * * *
You closely miss the orc priest.
The orc priest calls down the wrath of Beogh upon you.
Beogh smites you!
You die...

....####....#............
..........#.........##.#
#########.#..#'#..)<...#
#########.####.#.##<.#.###
..............>............
################รท....#.#..#
###...############.#.# #
#..................# #
###......)....).@o#..#.
.........))...).........
.####..........)...[.... .#
####.........##.#### .#
#............# .#
###########..# .## #.+ ..#
.# ..# #


You could see an orc priest.

Vanquished Creatures
  An orc wizard (D:3)
  5 adders (D:2)
  2 worms (D:2)
  5 dart slugs
  4 leopard geckos
  3 orcs (D:3)
  7 bats
  2 giant cockroaches
  5 goblins
  7 hobgoblins
  2 jackals (D:3)
  4 frilled lizards
  11 kobolds
  7 rats
65 creatures vanquished.

Vanquished Creatures (others)
  2 plants (D:1)
2 creatures vanquished.

Grand Total: 67 creatures vanquished

Notes
Turn   | Place    | Note
-------+----------+-------------------------------------------
     0 | D:1      | iamserjio the Draconian Wanderer began the quest for the
                  | Orb.
     0 | D:1      | iamserjio set off with: a +2 mace, a +0 hand axe, a wand of
                  | random effects (15), a ration
     0 | D:1      | Reached XP level 1. HP: 25/25 MP: 1/1
    26 | D:1      | Reached skill level 1 in Unarmed Combat
    64 | D:1      | Reached XP level 2. HP: 24/31 MP: 2/2
   650 | D:1      | Reached XP level 3. HP: 35/38 MP: 3/3
   905 | D:2      | Found a bloodstained altar of Trog.
  1137 | D:2      | Reached XP level 4. HP: 41/45 MP: 4/4
  1904 | D:3      | Reached XP level 5. HP: 23/51 MP: 5/5
  1996 | D:3      | Killed from afar by an orc priest

Vault maps used:
D:1:      minmay_arrival_diagonal_passages, roderic_roman_lattice,
          minmay_large_rounded_square, lexackson_kobold_supper
D:2:      bloody_trog
D:3:      lemuel_doored_altar, uniq_sigmund, uniq_terence

Skill      XL: |  1  2  3  4 |
---------------+-------------+-----
Unarmed Combat | 1 2 3 4 |  4.9
Fighting       | |  6.5
Axes           | |  1.0
Maces & Flails | |  1.0
Shields        | |  1.0
Evocations     | |  1.0

Action                   |  1- 3 |  4- 6 || total
-------------------------+-------+-------++-------
Melee: Mace              |    84 |    78 ||   162
       Tailslap          |     7 |     8 ||    15
       Punch             |     2 |     3 ||     5
  Use: Potion            |       |     2 ||     2
  Eat: Chunk             |     1 |     3 ||     4
Armor: Skin              |    32 |    39 ||    71
Dodge: Dodged            |    63 |    49 ||   112

Table legend:
 A = Non-vault XP
 B = Vault XP
 C = Vault XP percentage of total XP
 D = Non-vault monster count
 E = Vault monster count
 F = Vault count percentage of total count
                 A         B        C        D         E       F
            +---------+---------+-------+---------+---------+-------
      Total |     214 |      14 |   6.1 |      57 |       8 |  12.3
            +---------+---------+-------+---------+---------+-------
        D:1 |      29 |      14 |  32.6 |      15 |       8 |  34.8
        D:2 |     112 |       0 |   0.0 |      24 |       0 |   0.0
        D:3 |      73 |       0 |   0.0 |      18 |       0 |   0.0
            +---------+---------+-------+---------+---------+-------
